 Dungeon Crawl Stone Soup version 0.19-a0-944-gb338e1e (webtiles) character file.

504 Fubayashi the Digger (level 7, 0/36 HPs)
             Began as a Gargoyle Earth Elementalist on July 9, 2016.
             Was a Follower of Vehumet.
             Shot with a stone by a goblin (5 damage)
             ... on level 3 of the Dungeon.
             The game lasted 00:19:10 (5034 turns).

Fubayashi the Digger (Gargoyle Earth Elementalist)  Turns: 5034, Time: 00:19:11

Health: 0/36       AC:  7    Str: 11    XL:     7   Next: 17%
Magic:  6/14       EV: 12    Int: 18    God:    Vehumet [*.....]
Gold:   256        SH:  0    Dex: 10    Spells: 3 memorised, 7 levels left

rFire  . . .     SeeInvis .     j - +1 mace (crush)
rCold  . . .     Gourm    .     c - +0 robe
rNeg   + . .     Faith    .     (no shield)
rPois  ∞         Spirit   .     r - +0 helmet
rElec  +         Dismiss  .     (no cloak)
rCorr  .         Reflect  .     (no gloves)
SustAt .         Harm     .     (no boots)
MR     .....                    (no amulet)
Stlth  ++........               (no ring)
                                (no ring)

@: slowed, very slow, not resistant to hostile enchantments, unstealthy
A: negative energy resistance 1, electricity resistance, unbreathing,
petrification resistance, rot immunity, AC +4
a: Renounce Religion


You were on level 3 of the Dungeon.
You worshipped Vehumet.
Vehumet was aware of your devotion.
You were near starving.

You visited 1 branch of the dungeon, and saw 3 of its levels.
You also visited: Sewer.

You collected 256 gold pieces.

Inventory:

Hand Weapons
 j - a +1 mace of crushing (weapon)
 A - a +1 mace of venom
Missiles
 b - 113 stones (quivered)
Armour
 c - a +0 robe (worn)
 r - a +0 helmet (worn)
Jewellery
 n - a +3 ring of evasion {unknown}
Wands
 y - a wand of hasting (0/9) {@v3}
Scrolls
 a - a scroll of immolation {unknown}
 i - a scroll of recharging {unknown}
 k - 2 scrolls of identify {unknown}
 l - a scroll of teleportation {unknown}
 o - 2 scrolls of noise {unknown}
 t - 2 scrolls of amnesia {unknown}
 w - a scroll of enchant armour {unknown}
Potions
 g - a potion of cure mutation {unknown}
 m - 2 potions of curing {unknown}
 p - a potion of invisibility {unknown}
 q - 3 potions of flight {unknown}
 s - a potion of cancellation {unknown}
 u - a potion of brilliance {unknown}
 x - a potion of agility {unknown}
 z - a potion of berserk rage {unknown}
 B - 2 potions of heal wounds {unknown}
Books
 e - a book of Geomancy

   Spells                             Type                      Level
   a - Sandblast                      Earth                        1
   b - Passwall                       Transmutation/Earth          2
   c - Stone Arrow                    Conjuration/Earth            3
   d - Petrify                        Transmutation/Earth          4
   e - Lee's Rapid Deconstruction     Earth                        5
Comestibles
 d - 2 bread rations {@e1}
 f - a slice of pizza {@e2}
 v - 2 meat rations {@e1}


   Skills:
 + Level 0.0 Fighting
 + Level 0.0 Maces & Flails
 + Level 0.9 Armour
 + Level 1.5 Dodging
 - Level 2.1 Stealth
 * Level 5.1 Spellcasting
 + Level 3.1 Conjurations
   Level 0.7 Transmutations
 + Level 5.8 Earth Magic
 + Level 0.1 Evocations


You had 7 spell levels left.
You knew the following spells:

 Your Spells              Type           Power        Failure   Level  Hunger
a - Sandblast             Erth           ####..       1%          1    None
b - Stone Arrow           Conj/Erth      ###...       10%         3    ##.....
c - Lee's Rapid Deconstr  Erth           ####......   34%         5    ######.


Dungeon Overview and Level Annotations

Branches:
Dungeon (3/15)

Altars:
Pakellas
Qazlal
Vehumet
Zin

Shops:
D:3 }


Innate Abilities, Weirdness & Mutations

You are resistant to torment.
Your stone body is resilient. (AC +4)
You are immune to poison.
You resist negative energy. (rN+)
You are resistant to electric shocks. (rElec)
You can survive without breathing.
You are immune to petrification.
You are immune to rotting.


Message History

Crazy Yiuf misses you. Crazy Yiuf hits you but does no damage.
Casting: Sandblast
Confirm with . or Enter, or press ? or * to list all spells.
Aiming: Sandblast
Press: ? - help, Shift-Dir - straight line, f/p - Crazy Yiuf
Aim: Crazy Yiuf, wielding a quarterstaff of chaos and wearing a cloak (almost dead)
The blast of sand misses Crazy Yiuf.
The blast of sand hits the giant gecko.
You kill the giant gecko!
Vehumet accepts your kill. Crazy Yiuf hits you but does no damage.
Casting: Sandblast
Confirm with . or Enter, or press ? or * to list all spells.
Aiming: Sandblast
Press: ? - help, Shift-Dir - straight line, f/p - Crazy Yiuf
Aim: Crazy Yiuf, wielding a quarterstaff of chaos and wearing a cloak (almost dead)
The blast of sand hits Crazy Yiuf.
You kill Crazy Yiuf!
Vehumet accepts your kill.
The goblin shoots a stone.
The stone hits you.
You die...

##### #...# ####### ###...###
#...... #.......####.#####
#............# #######
#.......###### ......#
###..)......# #####.######
#.....).....# #..........#
#.#@##.##...## #.###.####.#
#.#)##.#.#...## ..# #.# #.#
#g#g#...##..#.###### ..###.####.#
#.#.#...##.......##.
.........<.###l#.#...###.#.##.##.
...###......##g#.##.#.##..##.....
...# #.##>.....#.##.##...###.#)).
...###.###..#....##.####.###...#.
.........#...'##'...........l....


You could see a goblin.

Vanquished Creatures
  Sigmund (D:2)
  Purgy (Sewer)
  Crazy Yiuf (D:3)
  Natasha (thrice) (D:2)
  5 adders
  2 worms
  3 dart slugs
  5 giant geckos
  An orc (D:3)
  11 bats
  8 giant cockroaches
  8 goblins
  9 hobgoblins
  10 jackals (D:1)
  9 kobolds
  3 quokkas
  4 giant newts
  10 rats
94 creatures vanquished.

Notes
Turn   | Place    | Note
-------+----------+-------------------------------------------
     0 | D:1      | Fubayashi the Gargoyle Earth Elementalist began the quest for the Orb.
     0 | D:1      | Reached XP level 1. HP: 10/10 MP: 3/3
   444 | D:1      | Reached XP level 2. HP: 6/15 MP: 3/5
   752 | D:1      | HP: 1/22 [jackal (1)]
  1333 | D:1      | Reached XP level 3. HP: 19/19 MP: 5/7
  1535 | D:1      | Learned a level 3 spell: Stone Arrow
  2077 | D:2      | Reached XP level 4. HP: 24/24 MP: 5/8
  2411 | D:2      | Noticed Sigmund
  2501 | D:1      | Reached skill level 1 in Conjurations
  2941 | D:2      | Found a radiant altar of Vehumet.
  2949 | D:2      | Became a worshipper of Vehumet
  3084 | D:2      | Noticed Natasha
  3175 | D:2      | Found a glowing silver altar of Zin.
  3194 | D:2      | Killed Natasha
  3194 | D:2      | Reached XP level 5. HP: 28/28 MP: 5/10
  3300 | D:2      | Noticed Natasha
  3310 | D:2      | Killed Natasha
  3310 | D:2      | Reached skill level 5 in Earth Magic
  3372 | D:2      | Noticed Natasha
  3383 | D:2      | Killed Natasha
  3430 | D:2      | Killed Sigmund
  3430 | D:2      | Reached XP level 6. HP: 15/32 MP: 6/12
  3972 | D:3      | Found a glowing drain.
  3983 | Sewer    | Entered a sewer
  4074 | Sewer    | Noticed Purgy
  4087 | Sewer    | Killed Purgy
  4087 | Sewer    | Reached skill level 5 in Spellcasting
  4087 | Sewer    | Reached XP level 7. HP: 36/36 MP: 10/14
  4359 | D:3      | Learned a level 5 spell: Lee's Rapid Deconstruction
  4423 | D:3      | Reached * piety under Vehumet
  4423 | D:3      | Offered knowledge of Freeze by Vehumet.
  4517 | D:3      | Found an oddly glowing altar of Pakellas.
  4517 | D:3      | Found Pakellas's Prime Provisions.
  4562 | D:3      | Found a stormy altar of Qazlal.
  4751 | D:3      | Found a runed door.
  4854 | D:3      | Noticed Crazy Yiuf
  5034 | D:3      | Killed Crazy Yiuf
  5034 | D:3      | Shot with a stone by a goblin

Vault maps used:
D:1:      roderic_chinese_lattice_arrival, minmay_tall_x
D:2:      zin_scriptorium, lemuel_round_altar, grunt_decor_one_mirror,
          uniq_natasha, uniq_sigmund
D:3:      nicolae_qazlal_general_emergency, gup_sewer_entry_bowl,
          corexii_leaking_fountain, mrwooster_statue_mirror,
          johnstein_pakellas_shop, uniq_crazy_yiuf_cottage
Sewer:    sewer_big_baddie

Skill      XL: |  1  2  3  4  5  6 |
---------------+-------------------+-----
Earth Magic    | 4 5 |  5.8
Spellcasting   | 3 4 5 |  5.1
Conjurations   | 1 2 3 |  3.1
Armour         | |  0.9
Dodging        | |  1.5
Stealth        | |  2.1
Transmutations | |  0.7
Evocations     | |  0.1

Action                   |  1- 3 |  4- 6 |  7- 9 || total
-------------------------+-------+-------+-------++-------
Melee: Unarmed           |    23 |       |       ||    23
       Club              |    74 |    69 |       ||   143
       Mace              |       |       |    27 ||    27
 Cast: Sandblast         |    64 |    90 |    19 ||   173
  Use: Potion            |     2 |       |       ||     2
 Stab: Sleeping          |     1 |     2 |       ||     3
  Eat: Chunk             |     4 |     7 |     1 ||    12
Armor: Robe              |    46 |    76 |    10 ||   132
       Skin              |    10 |       |       ||    10
Dodge: Dodged            |   121 |   131 |    31 ||   283
